 Dungeon Crawl Stone Soup version 0.18.1-50-g88ac8fd (webtiles) character file.

1614 Chiseanne the Covert (level 8, 0/37 HPs)
             Began as a Spriggan Warper on Oct 1, 2016.
             Was an Initiate of Gozag.
             Slain by Erica
             ... wielding a +4 scimitar of flaming
              (1 damage)
             ... on level 8 of the Dungeon.
             The game lasted 00:40:51 (7686 turns).

Chiseanne the Covert (Spriggan Warper)              Turns: 7686, Time: 00:40:52

Health: 0/37       AC:  3    Str: 11    XL:     8   Next: 64%
Magic:  18/19      EV: 23    Int: 21    God:    Gozag
Gold:   442        SH:  0    Dex: 16    Spells: 4 memorised, 12 levels left

rFire  . . .     SeeInvis +     a - +1 short sword (drain)
rCold  . . .     Gourm    .     b - +1 robe
rNeg   . . .     Faith    .     (shield restricted)
rPois  +         Spirit   .     (helmet restricted)
rElec  +         Dismiss  .     (no cloak)
rCorr  +         Reflect  .     (gloves unavailable)
SustAt .         Harm     .     (boots unavailable)
MR     +....                    (no amulet)
Stlth  +++++.....               F - ring of Jealousy {rCorr rElec Str+4 Int+5}
                                h - ring of poison resistance

@: slowed, quick, somewhat resistant to hostile enchantments, quite stealthy
A: unfitting armour, see invisible, herbivore 3, speed 3, slow metabolism 2
a: Potion Petition, Call Merchant, Bribe Branch, Renounce Religion


You were on level 8 of the Dungeon.
You worshipped Gozag.
Gozag was noncommittal.
You were full.

You visited 2 branches of the dungeon, and saw 9 of its levels.
You also visited: Ossuary.

You collected 541 gold pieces.
You spent 20 gold pieces at shops.
You paid 79 gold pieces to Gozag.

Inventory:

Hand Weapons
 a - a +1 short sword of draining (weapon)
 d - a +0 rapier
 s - a +2 whip of electrocution
 w - a +0 hand crossbow
Missiles
 e - 5 tomahawks of dispersal
 g - 74 arrows
 i - 174 stones (quivered)
 k - 96 sling bullets
 p - 24 poisoned needles
 q - 27 bolts
 u - 3 tomahawks
Armour
 b - a +1 robe (worn)
Jewellery
 h - a ring of poison resistance (left hand)
 F - the ring of Jealousy (right hand) {rCorr rElec Str+4 Int+5}
   (You found it on level 7 of the Dungeon)

   [ring of resist corrosion]

   It affects your strength (+4).
   It affects your intelligence (+5).
   It insulates you from electricity.
Wands
 y - a wand of paralysis (0/24)
 G - a wand of iceblast (0/15)
Scrolls
 j - 3 scrolls of identify
 r - 4 scrolls of remove curse
 t - 3 scrolls of blinking
 v - a scroll of amnesia
 x - a scroll of magic mapping
 B - a scroll of teleportation
 D - a scroll of immolation
Potions
 l - 4 potions of flight
 m - a potion of cancellation {unknown}
 n - a potion of curing
 z - a potion of brilliance
Books
 c - a book of Spatial Translocations

   Spells                             Type                      Level
   a - Apportation                    Translocation                1
   b - Blink                          Translocation                2
   c - Shroud of Golubria             Charms/Translocation         2
   d - Portal Projectile              Translocation                3
   e - Teleport Other                 Translocation                3
   f - Passage of Golubria            Translocation                4
Comestibles
 f - 3 bread rations
 A - a slice of pizza
 E - a royal jelly


   Skills:
 - Level 1.5 Fighting
 * Level 4.3 Short Blades
 - Level 1.0 Throwing
 * Level 8.3 Dodging
 * Level 8.7 Stealth
 * Level 7.1 Spellcasting
 - Level 7.4 Translocations


You had 12 spell levels left.
You knew the following spells:

 Your Spells              Type           Power        Failure   Level  Hunger
a - Apportation           Tloc           #####.....   1%          1    None
b - Blink                 Tloc           N/A          1%          2    None
c - Shroud of Golubria    Chrm/Tloc      ###.......   2%          2    None
d - Passage of Golubria   Tloc           N/A          4%          4    ###....


Dungeon Overview and Level Annotations

Branches:
Dungeon (8/15)             Temple (1/1) D:5
   Lair: D:8-11

Altars:
Ashenzari
Cheibriados
Dithmenos
Fedhas
Gozag
Kikubaaqudgha
Makhleb
Nemelex Xobeh
Okawaru
Pakellas
Qazlal
Ru
Sif Muna
Trog
Vehumet
Xom
Yredelemnul
The Shining One
Lugonu

Shops:
D:4 =

Annotations:
D:3 Chiseanne's ghost, amateur OpWr
D:7 Prince Ribbit
D:8 Erica


Innate Abilities, Weirdness & Mutations

You are tiny and cannot use many weapons and most armour.
You have supernaturally acute eyesight.
You are a herbivore.
You cover ground extremely quickly.
You need consume almost no food.


Message History

Your shroud falls apart!
Erica burns you.
* * * LOW HITPOINT WARNING * * *
You hit Erica.
Erica is almost dead.
Erica hits you with a scimitar of flaming.
* * * LOW HITPOINT WARNING * * *
Erica burns you.
* * * LOW HITPOINT WARNING * * *
You closely miss Erica.
Erica is almost dead.
Erica casts a spell at you.
You feel yourself slow down.
You hit Erica.
Erica is almost dead.
Erica hits you with a scimitar of flaming.
* * * LOW HITPOINT WARNING * * *
Erica burns you.
You die...
Your body crumbles into a pile of gold.

#######
#.@...#
$
#.#@###$
#....<#
#.##.##
#.....
#######
$


You could see Erica.

Vanquished Creatures
  Pikel (D:6)
  A wyvern (D:6)
  Edmund (D:5)
  An ice beast (D:5)
  2 giant frogs
  5 howler monkeys
  A crimson imp (D:7)
  A jelly (D:5)
  2 hounds
  A centaur skeleton (D:4)
  4 worker ants
  2 orc wizards
  A howler monkey skeleton (D:5)
  6 adders
  A gnoll (D:7)
  3 shadow imps
  An ooze (D:3)
  An adder skeleton (D:6)
  4 worms
  4 dart slugs
  6 giant geckos
  11 orcs
  5 giant cockroaches
  7 goblins
  8 hobgoblins
  A quokka (D:7)
  A ball python (D:2)
  5 bats
  5 giant newts
  4 kobolds
  8 rats
104 creatures vanquished.

Vanquished Creatures (others)
  3 slaves (D:7)
  A phantom (D:7)
  An iguana (D:6)
  An orc wizard (D:7)
  An orc (D:7)
  4 fungi (D:7)
  5 plants (D:7)
16 creatures vanquished.

Grand Total: 120 creatures vanquished

Notes
Turn   | Place    | Note
--------------------------------------------------------------
     0 | D:1      | Chiseanne the Spriggan Warper began the quest for the Orb.
     0 | D:1      | Reached XP level 1. HP: 10/10 MP: 5/5
   344 | D:1      | Reached skill level 1 in Stealth
   387 | D:1      | Reached XP level 2. HP: 9/14 MP: 6/6
   565 | D:1      | Learned a level 2 spell: Blink
   568 | D:1      | Learned a level 2 spell: Shroud of Golubria
  1029 | D:1      | Reached skill level 5 in Translocations
  1244 | D:2      | Reached XP level 3. HP: 18/18 MP: 8/8
  1265 | D:2      | Found an ancient bone altar of Kikubaaqudgha.
  2391 | D:3      | Reached XP level 4. HP: 22/22 MP: 5/10
  2468 | D:3      | Noticed Chiseanne's ghost (amateur OpWr)
  2888 | D:3      | Learned a level 4 spell: Passage of Golubria
  3375 | D:4      | Found a glowing golden altar of the Shining One.
  3388 | D:4      | Found a sand-covered staircase.
  3397 | Ossuary  | Entered an ossuary
  3397 | Ossuary  | Noticed Kronon's ghost (novice FoAK)
  3590 | D:4      | Found a shadowy altar of Dithmenos.
  3599 | D:4      | Found Qetamiy's Jewellery Shop.
  3623 | D:4      | Bought a cursed amulet of inaccuracy for 20 gold pieces
  3656 | D:4      | Reached XP level 5. HP: 13/25 MP: 7/12
  3938 | D:4      | Reached skill level 5 in Dodging
  4153 | D:4      | Got a crude mace
  4157 | D:4      | Identified the +5 mace "Xachoi" {crush, +Rage rPois Str-5 Stlth+} (You found it on level 4 of the Dungeon)
  4339 | D:5      | Entered Level 5 of the Dungeon
  4703 | D:5      | Reached XP level 6. HP: 30/30 MP: 11/13
  4762 | D:5      | Found a blossoming altar of Fedhas.
  4763 | D:5      | Noticed an ice beast
  4790 | D:5      | Noticed Edmund
  4889 | D:5      | Killed an ice beast
  4889 | D:5      | Reached skill level 5 in Stealth
  4911 | D:5      | Killed Edmund
  4911 | D:5      | Reached skill level 5 in Spellcasting
  5028 | D:5      | Found a shimmering altar of Xom.
  5029 | D:5      | Found a shimmering altar of Xom.
  5061 | D:5      | Found a staircase to the Ecumenical Temple.
  5069 | Temple   | Entered the Ecumenical Temple
  5096 | Temple   | Became a worshipper of Gozag Ym Sagoz the Greedy
  5507 | D:5      | Reached XP level 7. HP: 33/33 MP: 15/15
  5551 | D:5      | Found a shimmering altar of Xom.
  5553 | D:5      | Found a shimmering altar of Xom.
  6247 | D:6      | Found an oddly glowing altar of Pakellas.
  6247 | D:6      | Noticed an orange crystal statue
  6367 | D:6      | Found a snail-covered altar of Cheibriados.
  6506 | D:6      | Found a stormy altar of Qazlal.
  6508 | D:6      | Found a burning altar of Makhleb.
  6509 | D:6      | Found a basalt altar of Yredelemnul.
  6525 | D:6      | Found a basalt altar of Yredelemnul.
  6819 | D:7      | Got a glittering lapis lazuli ring
  6830 | D:7      | Identified the ring of Jealousy {rCorr rElec Str+4 Int+5} (You found it on level 7 of the Dungeon)
  6850 | D:7      | Found a bloodstained altar of Trog.
  6875 | D:7      | Noticed Prince Ribbit
  6875 | D:7      | Noticed a wyvern
  7003 | D:7      | Noticed Pikel
  7026 | D:6      | Killed Pikel
  7026 | D:6      | Reached XP level 8. HP: 37/37 MP: 17/19
  7679 | D:8      | Noticed Erica
  7686 | D:8      | HP: 1/37 [Erica/scimitar of flaming (4)]
  7686 | D:8      | Slain by Erica

Skill      XL: |  1  2  3  4  5  6  7  8 |
---------------+-------------------------+-----
Stealth        | 1 2 4 5 8 |  8.7
Spellcasting   | 3 4 5 6 7 |  7.1
Translocations | 5 6 7 |  7.4
Dodging        | 4 5 6 7 8 |  8.3
Short Blades   | 3 4 |  4.3
Fighting       | |  1.5
Throwing       | |  1.0

Action                   |  1- 3 |  4- 6 |  7- 9 || total
-------------------------+-------+-------+-------++-------
Melee: Short sword       |   170 |   258 |   100 ||   528
       Whip              |       |       |     3 ||     3
 Fire: Hand crossbow     |       |    23 |    11 ||    34
Throw: Stone             |     3 |       |     1 ||     4
 Cast: Shroud of Golubri |    11 |    33 |     9 ||    53
       Passage of Golubr |       |       |     4 ||     4
Evoke: Wand              |       |     6 |    10 ||    16
  Use: Scroll            |     6 |     9 |     4 ||    19
       Potion            |       |       |     1 ||     1
 Stab: Sleeping          |     6 |     6 |     5 ||    17
       Paralysed         |       |       |     3 ||     3
       Distracted        |       |       |     1 ||     1
  Eat: Bread ration      |       |     2 |       ||     2
Armor: Robe              |    17 |     7 |     8 ||    32
Dodge: Dodged            |   128 |   230 |    97 ||   455
